Map: Alcyone LE

Players

Bunny - Winner!

  • Race: Terran Terran
  • Spawn Location: 1:00

Patches

  • Race: Terran Terran
  • Spawn Location: 7:00

Event: ESL Spring 2024 Finals

VOD

Have the link to the VOD?

Description

Time

  • Played on: May 31, 2024, 5:09 p.m.
  • Length: 4:57

All games in this series

Show
View Real Time Build Order
Export as new Build Order

Bunny Terran - Winner!

Build Orders: Cyclone Opening, Reaper Expand 

Get SALT Encoding   

  12  0:00  SCV  
  13  0:12  SCV  
  14  0:17  Supply Depot  
  14  0:24  SCV  
  15  0:39  SCV, Barracks  
  16  0:44  Refinery  
  16  0:51  SCV  
  17  1:03  SCV  
  18  1:15  SCV  
  19  1:27  Orbital Command  
  19  1:29  Reaper  
  20  1:40  Command Center  
  20  1:48  Supply Depot  
  20  1:53  SCV  
  21  2:00  Marine  
  22  2:06  Factory  
  22  2:09  SCV  
  22  2:15  Refinery  
  23  2:21  SCV  
  24  2:24  Bunker  
  24  2:25  Barracks Reactor  
  24  2:33  SCV  
  25  2:46  SCV  
  25  2:49  Cyclone  
  28  2:56  Orbital Command  
  28  2:58  SCV  
  29  3:01  Starport  
  29  3:02  Marine  
  29  3:03  Marine  
  31  3:10  SCV  
  32  3:19  Marine  
  32  3:21  Marine  
  32  3:22  SCV  
  32  3:23  SCV  
  32  3:24  Factory Tech Lab  
  36  3:34  Supply Depot  
  36  3:37  Marine  
  36  3:39  Marine  
  36  3:40  Starport Tech Lab  
  38  3:42  Siege Tank  
  38  3:43  SCV x2  
  43  3:51  Refinery  
  43  3:53  Supply Depot  
  43  3:55  Marine  
  43  3:57  Marine  
  43  3:59  Raven  
  47  4:05  SCV x2  
  49  4:13  Marine  
  49  4:15  Marine  
  51  4:17  Supply Depot  
  51  4:18  SCV x2  
  53  4:31  Marine  
  56  4:32  Marine  
Show
View Real Time Build Order
Export as new Build Order

Patches Terran 

Build Orders: Cyclone Opening 

Get SALT Encoding   

  12  0:00  SCV  
  13  0:12  SCV  
  14  0:17  Supply Depot  
  14  0:25  SCV  
  15  0:38  SCV  
  15  0:40  Barracks  
  16  0:44  Refinery  
  16  0:49  Refinery  
  16  0:53  SCV  
  17  1:05  SCV  
  18  1:16  Barracks  
  18  1:27  SCV  
  18  1:29  Reaper  
  20  1:40  SCV  
  21  1:51  Factory  
  21  1:52  SCV  
  22  2:01  Reaper  
  23  2:08  Supply Depot  
  23  2:16  Orbital Command  
  23  2:23  Barracks Tech Lab  
  23  2:34  Reaper  
  23  2:41  Cyclone  
  23  2:43  Concussive Shells  
  25  2:44  Marine  
  25  2:46  SCV  
  26  2:58  SCV  
  26  3:01  Supply Depot  
  26  3:02  Marine  
  28  3:11  SCV  
  31  3:22  Marine x2  
  31  3:23  SCV  
  32  3:27  Factory Tech Lab  
  32  3:35  SCV  
  32  3:40  Marine  
  34  3:44  Marine  
  35  3:50  Siege Tank  
  38  3:58  Marine  
  39  4:12  Marine  
  39  4:14  Command Center  
  39  4:16  Marine  
  41  4:22  Starport  
  41  4:30  Marine  
Tags
 
Add a new tag
Caveats
  • Supply blocks, unpowered buildings, or Contaminate may cause inaccurate times.
  • Supply counts are checked every 10 seconds.